 Dungeon Crawl Stone Soup version 0.16.2-12-gd0ad4c3 (webtiles) character file.

1333 popsofctown the Transmogrifier (level 8, -9/59 HPs)
             Began as a Pale Draconian Transmuter on Oct 16, 2015.
             Was an Initiate of Qazlal.
             Mangled by an ice beast (14 damage)
             ... on level 5 of the Dungeon.
             The game lasted 00:23:31 (6668 turns).

popsofctown the Transmogrifier (DrTm)               Turns: 6668, Time: 00:23:31

Health: -9/59      AC:  7    Str: 12    XL:     8   Next: 34%
Magic:  12/13      EV: 14    Int: 16    God:    Qazlal [......]
Gold:   325        SH:  0    Dex: 12    Spells: 4 memorised, 0 levels left

rFire  + . .     SeeInvis .       - Unarmed
rCold  . . .     Clarity  .     (armour unavailable)
rNeg   . . .     SustAb   .     (no shield)
rPois  .         Gourm    .     (helmet restricted)
rElec  .         Spirit   .     (no cloak)
rCorr  .         Warding  .     (no gloves)
rMut   .         Stasis   .     C - +0 pair of boots
MR     .....                    (no amulet)
Stlth  +.........               (no ring)
                                g - ring of protection from fire

@: short of breath, appendage, slowed, very slow, not resistant to hostile
enchantments, very unstealthy
A: breathe steam, unfitting armour, horns 2, cold-blooded, AC +6
a: Breathe Steam, End Transformation, Renounce Religion


You were on level 5 of the Dungeon.
You worshipped Qazlal.
Qazlal was noncommittal.
You were not hungry.
You had grown temporary horns.
You visited 2 branches of the dungeon, and saw 6 of its levels.

You collected 325 gold pieces.

Inventory:

Hand weapons
 y - a +0 blowgun
 B - a +2 dagger of holy wrath
Missiles
 b - 39 arrows
 i - 28 poisoned needles
 t - 18 arrows of frost
 D - 4 needles of slowing
Armour
 C - a +0 pair of boots (worn)
Jewellery
 g - a ring of protection from fire (left hand)
Scrolls
 c - 4 scrolls of fog
 e - a scroll of enchant armour
 j - a scroll of amnesia
 k - a scroll of magic mapping
 n - 3 scrolls of remove curse
 o - 4 scrolls of identify
 q - 4 scrolls of teleportation
 u - a scroll of enchant weapon {unknown}
 x - a scroll of fear
 E - a scroll of blinking {unknown}
Potions
 f - 3 potions of curing {unknown}
 h - a potion of ambrosia
 l - 3 potions of heal wounds
 p - a potion of brilliance {unknown}
 s - a potion of magic {unknown}
 v - a potion of flight {unknown}
 w - a potion of lignification {unknown}
 z - a potion of beneficial mutation {unknown}
 A - a potion of restore abilities {unknown}
 F - a potion of agility {unknown}
Books
 d - a book of Changes

   Spells                             Type                      Level
   a - Beastly Appendage              Transmutation                1
   b - Sticks to Snakes               Transmutation                2
   c - Spider Form                    Transmutation/Poison         3
   d - Ice Form                       Ice/Transmutation            4
   e - Blade Hands                    Transmutation                5
Comestibles
 a - 3 bread rations
 m - 2 chunks of flesh
 r - a beef jerky


   Skills:
 - Level 1.1 Fighting
 - Level 2.0 Throwing
 + Level 4.5 Dodging
 - Level 3.0 Unarmed Combat
 - Level 2.0 Spellcasting
 - Level 9.0 Transmutations


You couldn't memorise any spells.
You knew the following spells:

 Your Spells              Type           Power        Failure   Level  Hunger
a - Beastly Appendage     Trmt           ####..       1%          1    #......
b - Sticks to Snakes      Trmt           ####......   1%          2    ###....
c - Spider Form           Trmt/Pois      ###.......   12%         3    ###....
d - Blade Hands           Trmt           ####......   14%         5    ######.


Dungeon Overview and Level Annotations

Branches:
Dungeon (5/15)             Temple (1/1) D:4

Altars:
Cheibriados
Fedhas
Kikubaaqudgha
Makhleb
Nemelex Xobeh
Okawaru
Qazlal
Sif Muna
Trog
Xom
Yredelemnul
The Shining One

Shops:
D:4 *


Innate Abilities, Weirdness & Mutations

You can breathe blasts of scalding steam.
Your pale cyan-grey scales are hard (AC +6).
Your body does not fit into most forms of armour.
Your cold-blooded metabolism reacts poorly to cold.
You have a pair of horns on your head.


Message History

The ice beast is moderately wounded.
The ice beast misses you. The ice beast barely misses you.
You hit the ice beast. Your headbutt misses the ice beast.
The ice beast is heavily wounded.
The ice beast barely misses you.
You hit the ice beast but do no damage.
You headbutt the ice beast, but do no damage.
Your tail-slap misses the ice beast.
The ice beast is heavily wounded.
You feel yourself speed up. The ice beast hits you. The ice beast freezes you.
You feel yourself slow down.
You hit the ice beast.
The ice beast is heavily wounded.
The ice beast hits you. The ice beast freezes you!
You feel as though you will be slow longer.
* * * LOW HITPOINT WARNING * * *
The ice beast hits you.
* * * LOW HITPOINT WARNING * * *
The ice beast freezes you!
You die...

.........# #.....##
..(..... #.....# .g....#
#.....# ##### ..... .....#
#...## ... ...# #....# #.#
#....# ##.# #....# ##.##
#....# ######@.#####
#...## #......Y....###
#...# ##.............##
#..## #...............#
#..####...............##
##.#....................#
#.......................#
######........รท........##
##................## #


You could see an ice beast.

Vanquished Creatures
  Pikel (D:4)
  The ghost of Morgon the Ducker, an average OpFi of Dithmenos (D:4)
  Edmund (D:4)
  A slave (D:4)
  A phantom (D:4)
  A sky beast (D:5)
  3 hounds
  2 giant frog skeletons (D:5)
  An orc wizard (D:4)
  3 worker ants
  6 adders
  A giant mite (D:1)
  2 giant geckos (D:2)
  3 oozes
  4 orcs
  13 bats
  A bat skeleton (D:5)
  3 giant cockroaches
  11 goblins
  11 hobgoblins
  7 kobolds
  A giant gecko skeleton (D:5)
  4 giant newts
  3 quokkas
  15 rats
  A spectral orc (D:5)
101 creatures vanquished.

Vanquished Creatures (collateral kills)
  An ogre (D:3)
  An orc priest (D:3)
  A hound (D:3)
  An adder (D:2)
  6 orcs
  A hobgoblin (D:3)
  A kobold (D:3)
  A giant newt (D:3)
  A rat (D:3)
14 creatures vanquished.

Vanquished Creatures (others)
  A slave (D:4)
  An ogre (D:4)
  2 jackals (D:4)
  A kobold (D:4)
5 creatures vanquished.

Grand Total: 120 creatures vanquished

Notes
Turn   | Place    | Note
--------------------------------------------------------------
     0 | D:1      | popsofctown, the Draconian Transmuter, began the quest for the Orb.
     0 | D:1      | Reached XP level 1. HP: 16/16 MP: 3/3
    33 | D:1      | Reached XP level 2. HP: 4/23 MP: 2/4
   440 | D:1      | Noticed an ogre
   440 | D:1      | Noticed an ogre
   440 | D:1      | Noticed an ogre
   440 | D:1      | Noticed an ogre
  1066 | D:1      | Learned a level 2 spell: Sticks to Snakes
  1279 | D:1      | Reached XP level 3. HP: 28/28 MP: 4/6
  2116 | D:2      | Reached XP level 4. HP: 28/35 MP: 3/7
  2221 | D:2      | Found a blossoming altar of Fedhas.
  2584 | D:3      | Found a snail-covered altar of Cheibriados.
  2732 | D:3      | Found a burning altar of Makhleb.
  2740 | D:3      | Reached skill level 4 in Transmutations
  3349 | D:3      | Reached XP level 5. HP: 5/40 MP: 5/9
  3784 | D:3      | Found a deep blue altar of Sif Muna.
  3787 | D:3      | Found an iron altar of Okawaru.
  3790 | D:3      | Found a shimmering altar of Xom.
  3911 | D:3      | Noticed an ogre
  3925 | D:3      | Killed an ogre
  3925 | D:3      | Reached skill level 5 in Transmutations
  4068 | D:4      | Learned a level 3 spell: Spider Form
  4072 | D:4      | Noticed Edmund
  4097 | D:4      | Killed Edmund
  4097 | D:4      | Reached skill level 6 in Transmutations
  4097 | D:4      | Reached XP level 6. HP: 15/47 MP: 3/10
  4724 | D:4      | Noticed a slave
  4724 | D:4      | Noticed a slave
  4725 | D:4      | Noticed Pikel
  4731 | D:4      | Noticed a slave
  4736 | D:4      | Noticed a slave
  4766 | D:4      | Killed Pikel
  4766 | D:4      | Reached skill level 8 in Transmutations
  4766 | D:4      | Your scales start fading to a pale cyan-grey colour.
  4766 | D:4      | Reached XP level 7. HP: 24/52 MP: 4/12
  4766 | D:4      | Killed a freed slave
  4975 | D:4      | Found Olais' General Store.
  5050 | D:4      | Noticed a phantom
  5102 | D:4      | Killed a phantom
  5102 | D:4      | Reached skill level 9 in Transmutations
  5235 | D:4      | Killed a freed slave
  5353 | D:4      | Found a staircase to the Ecumenical Temple.
  5580 | Temple   | Entered the Ecumenical Temple
  5592 | Temple   | Became a worshipper of Qazlal Stormbringer
  5808 | D:4      | Noticed Morgon's ghost (average OpFi)
  5848 | D:4      | Killed Morgon's ghost
  5848 | D:4      | Reached skill level 1 in Throwing
  5848 | D:4      | Reached XP level 8. HP: 59/59 MP: 8/13
  6104 | D:4      | Learned a level 5 spell: Blade Hands
  6132 | D:5      | Entered Level 5 of the Dungeon
  6419 | D:5      | Found a glowing golden altar of the Shining One.
  6465 | D:5      | Found a basalt altar of Yredelemnul.
  6668 | D:5      | Mangled by an ice beast

Action                   |  1- 3 |  4- 6 |  7- 9 || total
-------------------------+-------+-------+-------++-------
Melee: Unarmed           |   177 |   190 |    57 ||   424
 Fire: Blowgun           |       |    17 |    16 ||    33
 Cast: Beastly Appendage |    13 |     7 |     7 ||    27
       Sticks to Snakes  |     4 |    18 |     4 ||    26
       Spider Form       |       |     1 |       ||     1
 Abil: Breathe Steam     |       |       |    24 ||    24
       End Transformatio |       |       |     1 ||     1
  Use: Scroll            |     4 |     2 |     2 ||     8
       Potion            |       |       |     1 ||     1
  Eat: Chunk             |     4 |     9 |     4 ||    17
       Beef jerky        |       |     1 |       ||     1
       Meat ration       |       |       |     1 ||     1
